 Dungeon Crawl Stone Soup version 0.22.1-1-ga44c0e5 (webtiles) character file.

17 seyes the Changer (level 2, -3/18 HPs)
             Began as an Octopode Transmuter on Oct 27, 2018.
             Killed from afar by an orc wizard (5 damage)
             ... with a puff of frost
             ... on level 4 of the Dungeon.
             The game lasted 00:03:51 (1275 turns).

seyes the Changer (Octopode Transmuter)             Turns: 1275, Time: 00:03:52

Health: -3/18      AC:  1    Str:  9    XL:     2   Next: 62%
Magic:  5/5        EV: 13    Int: 15    God:
Gold:   24         SH:  0    Dex: 12    Spells: 2/5 levels left

rFire    . . .     SeeInvis .     - Unarmed
rCold    . . .     Gourm    .   (no shield)
rNeg     . . .     Faith    .   (helmet restricted)
rPois    .         Spirit   .   (no amulet)
rElec    .         Reflect  .   (no ring)
rCorr    .         Harm     .   (no ring)
MR       .....                  (no ring)
Stlth    ++........             (no ring)
HPRegen  0.06/turn              (no ring)
MPRegen  0.09/turn              (no ring)
                                (no ring)
                                (no ring)

@: no status effects
A: almost no armour, stealthy swim, amphibious, 8 rings, constrict 8, camouflage
1, gelatinous body 1
a: no special abilities


You were on level 4 of the Dungeon.
You were very hungry.

You visited 1 branch of the dungeon, and saw 3 of its levels.

You collected 24 gold pieces.

Inventory:

Missiles
 a - 36 arrows
 f - 41 stones (quivered)
Scrolls
 b - a scroll of fog {unknown}
 e - 3 scrolls of identify {unknown}
 i - a scroll of remove curse {unknown}
Potions
 d - a potion of curing {unknown}
 h - a potion of flight {unknown}
Comestibles
 c - 3 rations


   Skills:
 - Level 1.0 Fighting
 - Level 2.0 Dodging
 - Level 3.0 Unarmed Combat
 - Level 2.0 Spellcasting
 + Level 3.1 Transmutations


You had 2 spell levels left.
You knew the following spells:

 Your Spells              Type           Power        Failure   Level  Hunger
a - Beastly Appendage     Tmut           ##....       6%          1    #......
t - Sticks to Snakes      Tmut           ##......     9%          2    ###....

Your spell library contained the following spells:

 Spells                   Type           Power        Failure   Level  Hunger
 Spider Form              Tmut/Pois      #.........   34%         3    ###....
 Ice Form                 Ice/Tmut       #.......     75%         4    #####..
 Blade Hands              Tmut           ##........   86%         5    ######.


Dungeon Overview and Level Annotations

Branches:
Dungeon (2/15)

Altars:


Innate Abilities, Weirdness & Mutations

You cannot wear most types of armour.
You are very stealthy in the water. (Stealth+)
You are amphibious.
You can wear up to eight rings at the same time.
You can use your tentacles to constrict eight enemies at once.
Your skin changes colour to match your surroundings (Stealth+).
Your rubbery body absorbs attacks. (AC +1, EV +1)


Message History

Pain shoots through your body!
You are feeling very hungry.
There is an open door here.
The orc priest looks encouraged for a moment.
You open the door.
There is an open door here.
Your transformation is almost over.
The orc wizard mumbles some strange words.
The orc wizard seems to speed up.
Your tentacle spike disappears.
Found 10 gold pieces.
The orc wizard casts a spell at you. The puff of flame hits you!
Ouch! That really hurt!
* * * LOW HITPOINT WARNING * * *
Found 11 gold pieces.
The orc wizard misses you.
The orc wizard gestures at you while chanting.
The puff of frost hits you!
You die...

..###'##........$.......
..+....#...............
.o#....#.............#
..#....#...o.........#
o##....#.............#
.##....#########.....#
..#........... #o....#
..#........... #o....#
.##........... #@....#
.##...##########.....#
.##...#..............#
.#....#...........$..#
.#....'..............#
.#....#..............#
.##...#..............#
###...#..............+
......#........


You could see an orc wizard and an orc.

Vanquished Creatures
  A dart slug (D:1)
  2 giant cockroaches (D:1)
  3 goblins (D:1)
  A hobgoblin (D:1)
  2 jackals (D:1)
  2 bats (D:1)
  A jackal skeleton (D:4)
  2 kobolds (D:1)
14 creatures vanquished.

Notes
Turn   | Place    | Note
-------+----------+-------------------------------------------
     0 | D:1      | seyes the Octopode Transmuter began the quest for the Orb.
     0 | D:1      | Reached XP level 1. HP: 13/13 MP: 3/3
   414 | D:1      | Reached XP level 2. HP: 18/18 MP: 5/5
   433 | D:1      | Learned a level 2 spell: Sticks to Snakes
  1154 | D:2      | You fall through a shaft for 2 floors!
  1275 | D:4      | Killed from afar by an orc wizard

Skill      XL: |  1  2 |
---------------+-------+-----
Transmutations | 3 |  3.1
Fighting       | |  1.0
Dodging        | |  2.0
Unarmed Combat | |  3.0
Spellcasting   | |  2.0

Action                   || total
-------------------------++-------
Melee: Unarmed           ||    31
       Constrict         ||    13
       Tentacles         ||     5
       Kick              ||     4
 Cast: Beastly Appendage ||     6
 Stab: Sleeping          ||     3
Armor: Skin              ||     1
Dodge: Dodged            ||    27
